 Dungeon Crawl Stone Soup version 0.29-a0-520-gc852659d43 (webtiles) character file.

Game seed: 8888390571281176566

28 siradein the Skirmisher (level 3, 28/29 HPs)
             Began as a Demonspawn Berserker on June 1, 2022.
             Was a Follower of Trog.
             Quit the game on level 2 of the Dungeon.
             The game lasted 00:02:19 (1366 turns).

siradein the Skirmisher (Demonspawn Berserker)      Turns: 1366, Time: 00:02:20

Health: 28/29      AC:  2    Str: 19    XL:     3   Next: 0%
Magic:  3/3        EV: 11    Int: 10    God:    Trog [*.....]
Gold:   35         SH:  3    Dex: 12    Spells: 2/2 levels left

rFire   . . .      SeeInvis .   f - +0 dagger (venom)
rCold   . . .      Faith    .   i - +0 buckler
rNeg    . . .      Spirit   .   b - +0 animal skin
rPois   .          Reflect  .   (no helmet)
rElec   .          Harm     .   (no cloak)
rCorr   .          Rampage  .   (no gloves)
Will    .....                   (no boots)
Stlth   +.........              (no amulet)
HPRegen 0.09/turn               (no ring)
MPRegen 0.08/turn               (no ring)

@: no status effects
A: hooves 1, big brain 1
a: Renounce Religion, Berserk


You were on level 2 of the Dungeon.
You worshipped Trog.
Trog was aware of your devotion.
You visited 1 branch of the dungeon, and saw 2 of its levels.

You collected 89 gold pieces.
You spent 54 gold pieces at shops.

Inventory:

Hand Weapons
 a - a +0 mace
 f - a +0 dagger of venom (weapon)
Armour
 b - a +0 animal skin (worn)
 i - a +0 buckler (worn)
Scrolls
 e - 3 scrolls of poison {unknown}
 j - a scroll of amnesia {unknown}
 k - 2 scrolls of magic mapping {unknown}
 l - 2 scrolls of identify {unknown}
Potions
 c - a potion of degeneration {unknown}
 d - a potion of ambrosia {unknown}
 g - a potion of mutation {unknown}
 h - a potion of curing {unknown}
 m - a potion of heal wounds {unknown}


   Skills:
 + Level 3.2 Fighting
 + Level 3.0 Maces & Flails
 + Level 2.1 Armour
 + Level 2.1 Dodging
 + Level 0.4 Shields


You had 2 spell levels left.
You didn't know any spells.
Your spell library was empty.

Dungeon Overview and Level Annotations

Branches:
Dungeon (2/15)

Altars:

Shops:
D:1 [


Innate Abilities, Weirdness & Mutations

You have large cloven feet.
You have an unusually large brain. (Int +2)


Message History

l - 2 scrolls labelled LAILUSTYDE (gained 1)
You now have 22 gold pieces (gained 7).
Found a stone staircase leading up.
Found a robe.
A kobold comes into view.
It is wielding a +0 dagger and quivering poisoned darts.
A bat comes into view.
The kobold throws a poisoned dart.
The poisoned dart hits you!
You are poisoned.
You feel sick.
You hit the kobold.
The kobold is severely wounded.
You feel sick. The kobold barely misses you.
You hit the kobold.
You kill the kobold!
Trog accepts your kill.
You feel sick. The bat closely misses you.
You hit the bat.
You kill the bat!
Trog accepts your kill.
You feel sick.
You have reached level 3!
Your experience leads to an increase in your attributes!
Increase (S)trength, (I)ntelligence, or (D)exterity?
You feel stronger. x2; Your demonic ancestry asserts itself...
Your brain expands.
You feel sick.
You feel sick.
You feel sick.
You are no longer poisoned.
k - 2 scrolls labelled MAMPUG UGYA (gained 1)
You now have 35 gold pieces (gained 13).
Things that are here:
a +0 dagger; 2 poisoned darts; a kobold corpse A bat comes into view.
A bat is nearby!
You block the bat's attack. The bat hits you.
No target in view!
No target in view!
No target in view!
Are you sure you want to abandon this character and quit the game? (Confirm with "yes".)

## ### #. ..#
####.#.#####.#
.......@..##.#####
.###.#.##.##.#...#
#.........#.#
##.....##...#######
##...####........#
##.## ########.#
#.# #######.# #.#
........# #+#
####.....


There were no monsters in sight!

Vanquished Creatures
  An adder (D:2)
  A dart slug (D:1)
  An endoplasm (D:1)
  A giant cockroach (D:2)
  A goblin (D:1)
  3 kobolds
  A quokka (D:1)
  A ball python (D:1)
  5 bats
  3 rats (D:1)
18 creatures vanquished.

Notes
Turn   | Place    | Note
-------+----------+-------------------------------------------
     0 | D:1      | siradein the Demonspawn Berserker began the quest for the
                  | Orb.
     0 | D:1      | Reached XP level 1. HP: 18/18 MP: 1/1
   558 | D:1      | Found Ysitwo Qiloa's Armour Boutique.
   566 | D:1      | Bought a +0 buckler for 54 gold pieces
   579 | D:1      | Gained mutation: You have large cloven feet. [demonic
                  | ancestry]
   579 | D:1      | Reached XP level 2. HP: 24/24 MP: 2/2
  1225 | D:2      | Gained mutation: You have an unusually large brain. (Int
                  | +2) [demonic ancestry]
  1225 | D:2      | Reached XP level 3. HP: 21/29 MP: 3/3
  1366 | D:2      | Quit the game

Illustrated notes

Levels and vault maps discovered:
D:1:      amcnicky_arrival_feature_with_door, layout_basic, serial_shops,
          nicolae_shop_statue_plus
D:2:      layout_loops_corners, minmay_misc_feat_chi, minmay_stone_trees_large

Skill      XL: |  1  2 |
---------------+-------+-----
Armour         | 2 |  2.1
Dodging        | 2 |  2.1
Maces & Flails | 3 |  3.0
Fighting       | |  3.2
Shields        | |  0.4

Action                   || total
-------------------------++-------
Melee: Dagger            ||    41
       Mace              ||     6
       Punch             ||     1
       Kick              ||     3
Armor: Animal skin       ||    15
Dodge: Dodged            ||    22
Block: Buckler           ||     1

Table legend: (Time is in decaauts)
 A = Elapsed time spent in this place.
 B = Non-inter-level travel time spent in this place.
 C = Inter-level travel time spent in this place.
 D = Time resting spent in this place.
 E = Time spent auto-exploring this place.
 F = Levels seen in this place.
 G = Mean time per level.
                   A        B        C        D        E       F      G
               +--------+--------+--------+--------+--------+-----+--------+
         Total |   1367 |   1310 |     57 |      8 |   1144 |   2 |  683.5 |
       Dungeon |   1367 |   1310 |     57 |      8 |   1144 |   2 |  683.5 |
               +--------+--------+--------+--------+--------+-----+--------+

Top non-repeatable levels by time:
     D:1: 922 daAuts
     D:2: 445 daAuts
